Map: [ESL] Royal Blood

Players

PattyMac

  • Race: Protoss Protoss
  • Spawn Location: 7:00

eGGz - Winner!

  • Race: Zerg Zerg
  • Spawn Location: 1:00

Event: ESL SC2 Masters 2023 Summer (Regionals)

VOD

Have the link to the VOD?

Description

Time

  • Played on: May 5, 2023, 2:44 p.m.
  • Length: 13:40

All games in this series

Show
View Real Time Build Order
Export as new Build Order

PattyMac Protoss 

Build Orders: 1 Gate Expand, Oracle Opening, Zealot Archon 

Get SALT Encoding   

  12  0:00  Probe  
  13  0:13  Pylon  
  13  0:17  Probe (Chrono Boost)  
  14  0:27  Probe (Chrono Boost)  
  15  0:32  Probe (Chrono Boost)  
  16  0:38  Gateway  
  16  0:43  Probe  
  16  0:48  Assimilator  
  17  0:55  Probe  
  18  1:08  Probe  
  19  1:21  Probe  
  20  1:26  Nexus  
  20  1:39  Cybernetics Core  
  20  1:40  Probe  
  20  1:46  Assimilator  
  21  1:52  Probe  
  22  1:56  Pylon  
  22  2:04  Probe  
  23  2:13  Adept (Chrono Boost)  
  23  2:17  Probe (Chrono Boost)  
  23  2:20  Stargate  
  26  2:28  Warp Gate  
  26  2:29  Probe (Chrono Boost)  
  27  2:36  Stalker  
  30  2:38  Probe (Chrono Boost)  
  30  2:40  Probe (Chrono Boost)  
  31  2:47  Probe (Chrono Boost)  
  31  2:49  Probe (Chrono Boost)  
  33  2:52  Probe (Chrono Boost)  
  33  2:57  Probe  
  34  3:03  Oracle (Chrono Boost)  
  34  3:04  Probe  
  35  3:09  Probe  
  39  3:13  Pylon  
  39  3:16  Probe  
  40  3:20  Gateway  
  40  3:21  Probe  
  41  3:28  Adept  
  41  3:29  Probe  
  41  3:34  Oracle (Chrono Boost)  
  47  3:41  Probe  
  47  3:43  Probe  
  47  3:48  Pylon  
  49  3:54  Probe  
  50  3:59  Nexus  
  50  4:01  Pylon  
  50  4:07  Probe  
  50  4:12  Oracle  
  50  4:16  Probe  
  54  4:20  Probe  
  54  4:21  Assimilator  
  54  4:23  Assimilator  
  55  4:24  Twilight Council  
  55  4:28  Probe  
  55  4:29  Adept  
  58  4:32  Probe  
  59  4:40  Probe  
  59  4:44  Probe  
  61  4:52  Probe  
  62  4:53  Gateway, Oracle (Chrono Boost)  
  62  4:56  Probe, Gateway x2  
  62  4:58  Charge (Chrono Boost)  
  66  5:06  Gateway  
  66  5:10  Gateway  
  66  5:12  Probe  
  67  5:21  Gateway  
  67  5:33  Oracle  
  67  5:34  Stalker  
  69  5:36  Probe x2 (Chrono Boost)  
  69  5:37  Zealot  
  69  5:41  Probe (Chrono Boost)  
  74  5:46  Probe x2 (Chrono Boost)  
  77  5:50  Probe (Chrono Boost)  
  77  5:55  Zealot x3  
  83  5:57  Probe  
  83  6:00  Templar Archives  
  85  6:04  Probe  
  85  6:07  Pylon  
  85  6:09  Pylon  
  85  6:12  Pylon  
  85  6:14  Pylon  
  85  6:25  Probe x2, Oracle  
  90  6:26  Zealot  
  90  6:28  Zealot x2  
  96  6:33  Zealot x5  
  106  6:43  Probe  
  106  6:44  Probe x2  
  109  6:50  Forge  
  109  6:54  Forge  
  109  6:58  Pylon  
  104  7:02  Zealot x4  
  102  7:10  Probe  
  102  7:12  Probe  
  102  7:13  Probe  
  102  7:15  High Templar x4  
  105  7:17  Protoss Ground Weapons Level 1 (Chrono Boost)  
  105  7:19  Archon  
  105  7:20  Archon  
  105  7:22  Probe  
  104  7:23  Robotics Facility  
  104  7:25  Zealot x4  
  112  7:37  Nexus, Protoss Ground Armor Level 1 (Chrono Boost)  
  112  7:38  Pylon  
  112  7:40  Probe, Shield Battery  
  112  7:42  Probe  
  114  7:48  Zealot x2  
  117  7:56  Zealot x5  
  123  8:02  Zealot  
  114  8:07  Probe  
  114  8:12  Probe, Observer  
  113  8:15  Nexus, Robotics Bay  
  113  8:17  Pylon  
  113  8:26  Zealot x5  
  123  8:28  Probe  
  124  8:37  Probe  
  125  8:42  High Templar x2  
  125  8:43  High Templar  
  131  8:55  Probe x2  
  132  8:58  Robotics Facility  
  132  9:00  Disruptor (Chrono Boost)  
  131  9:05  Probe  
  131  9:09  Assimilator  
  135  9:10  Pylon  
  135  9:12  Pylon, Assimilator  
  135  9:13  Protoss Ground Weapons Level 2 (Chrono Boost)  
  135  9:14  Probe  
  135  9:15  Pylon  
  136  9:18  Shield Battery  
  136  9:19  Probe, Archon  
  136  9:20  High Templar  
  139  9:36  Disruptor (Chrono Boost), Archon  
  139  9:44  Stalker x3  
  148  9:52  Probe  
  149  9:54  Probe  
  149  9:55  Probe, Photon Cannon  
  149  9:57  Shield Battery  
  149  9:58  Zealot x5  
  161  10:00  Pylon  
  161  10:02  Blink (Chrono Boost)  
  161  10:06  Disruptor  
  164  10:12  Stalker  
  164  10:13  Stalker  
  164  10:26  Probe  
  151  10:29  Probe x2  
  151  10:30  Probe  
  151  10:31  Zealot x5, Stalker, Assimilator  
  151  10:33  Protoss Ground Armor Level 2 (Chrono Boost), Assimilator  
  151  10:35  Psionic Storm, Disruptor  
  155  10:38  Probe  
  155  10:41  Probe  
  157  10:44  Photon Cannon  
  157  10:45  Probe  
  157  10:46  Photon Cannon  
  157  10:47  Shield Battery  
  158  10:50  Pylon  
  155  10:58  Zealot x7  
  169  11:15  High Templar  
  169  11:17  Probe  
  172  11:26  High Templar x2  
  172  11:28  Zealot x2  
  180  11:33  Nexus  
  180  11:34  Pylon  
  180  11:38  Zealot x2  
  165  11:50  Zealot x4  
  165  11:51  Disruptor  
  165  11:52  Immortal  
  145  12:04  Stalker x2  
  145  12:05  Stalker  
  142  12:11  Stalker  
  142  12:12  Stalker x4  
  142  12:26  Probe  
  129  12:38  Zealot x6  
  129  12:39  Zealot  
  129  12:42  Immortal (Chrono Boost)  
  141  12:49  Immortal (Chrono Boost)  
  132  12:52  High Templar  
  131  13:02  Probe x3  
  131  13:04  Zealot x7  
  131  13:05  Pylon  
  115  13:27  Zealot x7  
  115  13:33  Zealot  
Show
View Real Time Build Order
Export as new Build Order

eGGz Zerg - Winner!

Build Orders: Hatch First 

Get SALT Encoding   

  12  0:00  Drone  
  13  0:12  Overlord  
  13  0:17  Drone  
  14  0:32  Drone x2  
  16  0:48  Hatchery  
  15  0:52  Drone  
  15  0:55  Drone  
  17  0:59  Drone  
  17  1:03  Extractor  
  17  1:15  Spawning Pool  
  17  1:18  Drone  
  17  1:22  Drone  
  18  1:28  Drone  
  19  1:40  Drone  
  20  1:54  Overlord  
  20  2:02  Zergling x2  
  20  2:03  Queen  
  20  2:04  Queen  
  20  2:05  Metabolic Boost  
  25  2:10  Drone  
  25  2:13  Drone  
  27  2:15  Zergling x2  
  27  2:22  Zergling x4  
  30  2:35  Zergling x2  
  30  2:37  Drone  
  32  2:39  Queen  
  34  2:47  Overlord  
  34  2:57  Hatchery  
  32  3:00  Drone x2  
  32  3:04  Drone x2  
  36  3:08  Drone  
  37  3:13  Queen  
  37  3:16  Drone  
  40  3:24  Zergling x6  
  43  3:29  Drone  
  43  3:35  Overlord  
  43  3:36  Overlord  
  43  3:43  Overlord  
  43  3:44  Drone  
  44  3:52  Overlord  
  44  3:54  Queen  
  46  3:56  Drone x3  
  46  4:02  Roach Warren  
  46  4:10  Drone  
  46  4:11  Drone, Queen  
  46  4:13  Drone  
  46  4:16  Spore Crawler  
  50  4:22  Drone x3  
  53  4:24  Drone  
  53  4:28  Drone, Spore Crawler  
  53  4:29  Drone  
  54  4:40  Drone x2, Spore Crawler  
  54  4:41  Drone  
  56  4:48  Overlord  
  56  4:49  Drone  
  56  4:50  Drone  
  58  4:54  Lair  
  58  4:55  Drone x2  
  58  4:57  Drone  
  58  4:58  Extractor  
  58  4:59  Drone  
  61  5:05  Drone  
  62  5:11  Zergling x2  
  62  5:12  Roach x2, Zergling x6  
  70  5:14  Drone x2  
  70  5:17  Drone  
  72  5:23  Drone x4  
  72  5:24  Drone  
  72  5:28  Drone x3  
  78  5:29  Overlord  
  78  5:32  Drone x2  
  80  5:39  Extractor  
  80  5:40  Overlord  
  80  5:41  Evolution Chamber  
  78  5:43  Drone  
  78  5:46  Drone x2  
  80  5:52  Drone x3  
  80  5:56  Glial Reconstitution  
  82  5:58  Roach x4  
  82  5:59  Roach  
  82  6:01  Drone x2  
  94  6:08  Zerg Missile Weapons Level 1  
  94  6:11  Extractor, Drone x2  
  94  6:14  Extractor  
  94  6:15  Roach  
  94  6:16  Extractor, Roach  
  97  6:20  Hatchery  
  97  6:25  Roach  
  98  6:30  Overlord  
  98  6:34  Overlord  
  98  6:45  Infestation Pit  
  97  6:47  Overlord x4  
  97  6:49  Drone x3  
  97  6:50  Hatchery, Drone x3  
  97  6:51  Roach x2  
  97  6:53  Hatchery  
  105  6:58  Roach  
  105  6:59  Roach x3  
  100  7:09  Roach  
  100  7:10  Roach x4  
  107  7:17  Drone x3  
  107  7:19  Roach x3  
  107  7:20  Roach x2  
  120  7:25  Overseer  
  120  7:29  Drone  
  122  7:30  Drone  
  122  7:35  Roach x4, Hydralisk Den  
  129  7:42  Roach x2  
  133  7:47  Roach x6  
  145  8:01  Roach x2  
  145  8:02  Overlord  
  133  8:08  Overlord  
  131  8:13  Hydralisk, Grooved Spines  
  131  8:14  Hydralisk  
  131  8:15  Hydralisk  
  131  8:19  Overlord, Hive  
  135  8:21  Hydralisk x3  
  135  8:24  Roach x3  
  143  8:27  Drone x7  
  143  8:32  Roach  
  143  8:33  Roach x2  
  156  8:35  Roach  
  158  8:48  Roach  
  158  8:49  Roach x7  
  174  8:58  Extractor  
  174  9:00  Extractor  
  174  9:01  Overlord x4  
  170  9:05  Zerg Missile Weapons Level 2  
  170  9:11  Overseer  
  170  9:23  Roach x11  
  192  9:33  Lurker Den  
  191  9:49  Viper x2  
  197  9:54  Overlord  
  197  9:59  Overseer  
  197  10:01  Spore Crawler  
  177  10:27  Viper x2  
  161  10:29  Roach  
  161  10:30  Roach x11  
  181  10:35  Drone x2  
  181  10:36  Drone x4  
  181  10:37  Drone x10  
  181  10:38  Drone x3  
  181  10:42  Overseer  
  200  10:49  Hatchery  
  199  10:51  Muscular Augments  
  197  10:58  Hydralisk  
  197  11:01  Overseer  
  197  11:02  Pneumatized Carapace  
  185  11:51  Roach x6  
  185  11:52  Roach x7  
  165  12:11  Hydralisk x6, Roach x2  
  165  12:12  Roach x5  
  183  12:22  Hydralisk x4  
  164  12:34  Hydralisk x6  
  164  12:41  Hydralisk x2  
  164  12:43  Queen x3  
  157  12:51  Hydralisk x2, Roach  
  151  12:52  Roach  
  157  13:00  Hydralisk x3, Roach  
  157  13:01  Roach  
  167  13:08  Hydralisk, Roach  
  171  13:15  Overlord  
Tags
 
Add a new tag
Caveats
  • Supply blocks, unpowered buildings, or Contaminate may cause inaccurate times.
  • Supply counts are checked every 10 seconds.